 Dungeon Crawl Stone Soup version 0.25.1-9-gc5326a611f (webtiles) character file.

Game seed: 9796005016738056586

5572 funkygono the Grappler (level 10, -2/88 (91) HPs)
             Began as a Troll Fighter on Dec 28, 2020.
             Was a Priest of Okawaru.
             Slain by a sun demon (21 damage)
             ... summoned by a kobold demonologist
             ... in a bailey.
             The game lasted 00:19:48 (8331 turns).

funkygono the Grappler (Troll Fighter)              Turns: 8331, Time: 00:19:48

HP:   -2/88 (91)    AC:  8    Str: 28    XL:     10   Next: 44%
MP:   8/9           EV: 10    Int:  4    God:    Okawaru [***...]
Gold: 377           SH: 11    Dex: 10    Spells: 9/9 levels left

rFire    . . .     SeeInvis +     - Unarmed
rCold    + . .     Gourm    +   b - +1 kite shield
rNeg     . . .     Faith    .   a - +0 robe
rPois    .         Spirit   .   (helmet restricted)
rElec    .         Reflect  .   r - +1 cloak
rCorr    .         Harm     .   (gloves unavailable)
MR       .....                  (boots unavailable)
Stlth    +.........             s - amulet of the acrobat
HPRegen  0.64/turn              j - ring of protection from cold
MPRegen  0.11/turn              y - ring of see invisible

@: no status effects
A: large, unfitting armour, claws 3, fast metabolism 3, gourmand, regeneration
1, shaggy fur 1, tough skin 3
a: Heroism, Renounce Religion


You were in a bailey.
You worshipped Okawaru.
Okawaru was most pleased with you.
You were completely stuffed.

You visited 2 branches of the dungeon, and saw 11 of its levels.
You also visited: Bailey.

You collected 440 gold pieces.
You spent 63 gold pieces at shops.

Inventory:

Missiles
 h - 122 stones
 u - 29 poisoned darts
 B - a throwing net
 G - a javelin (quivered)
Armour
 a - a +0 robe (worn)
 b - a +1 kite shield (worn)
 r - a +1 cloak (worn)
Jewellery
 j - a ring of protection from cold (left claw)
 n - an uncursed ring of ice
 s - an amulet of the acrobat (around neck)
 y - a ring of see invisible (right claw)
 z - an uncursed ring of stealth
 A - an uncursed ring of resist corrosion
 E - an uncursed amulet of guardian spirit {unknown}
Wands
 p - a wand of polymorph (9)
 t - a wand of paralysis (7)
 D - a wand of random effects (19)
Scrolls
 e - 3 scrolls of teleportation
 C - a scroll of remove curse
 H - 2 scrolls of identify
 I - a scroll of enchant weapon {unknown}
Potions
 c - 4 potions of stabbing
 f - 2 potions of haste
 g - 4 potions of heal wounds
 i - 3 potions of flight
 k - a potion of might
 l - 2 potions of lignification
 m - a potion of berserk rage
 o - 11 potions of curing
 q - a potion of mutation {unknown}
 v - a potion of degeneration {unknown}
 w - a potion of resistance
 x - a potion of invisibility {unknown}
 F - 2 potions of brilliance {unknown}
Comestibles
 d - 26 rations
 J - 9 chunks of flesh


   Skills:
 + Level 3.5 Fighting
 + Level 6.9 Throwing
 + Level 5.7 Dodging
 + Level 5.5 Shields
 + Level 10.3 Unarmed Combat
 + Level 0.3 Invocations


You had 9 spell levels left.
You didn't know any spells.
Your spell library contained the following spells:

 Spells                   Type           Power        Failure   Level  Hunger
 Animate Skeleton         Necr           N/A          77%         1    ##.....
 Foxfire                  Conj/Fire      #...         77%         1    ##.....
 Magic Dart               Conj           #...         77%         1    ##.....
 Pain                     Necr           #...         77%         1    ##.....
 Blink                    Tloc           N/A          88%         2    ###....
 Call Imp                 Summ           #.......     88%         2    ###....
 Slow                     Hex            #.......     88%         2    ###....
 Conjure Flame            Conj/Fire      #.......     98%         3    ####...
 Inner Flame              Hex/Fire       #.......     98%         3    ####...
 Mephitic Cloud           Conj/Pois/Air  #.......     98%         3    ####...
 Vampiric Draining        Necr           #.........   98%         3    ####...
 Animate Dead             Necr           N/A          100%        4    #####..
 Sticky Flame             Conj/Fire      #.......     100%        4    #####..
 Agony                    Necr           #.......     100%        5    ######.
 Fireball                 Conj/Fire      #.........   100%        5    ######.


Dungeon Overview and Level Annotations

Branches:
Dungeon (10/15)            Temple (1/1) D:7          Bailey (1/1)
   Lair: D:8-11         Orc: D:9-12

Altars:
Ashenzari
Cheibriados
Dithmenos
Elyvilon
Fedhas
Gozag
Hepliaklqana
Kikubaaqudgha
Makhleb
Nemelex Xobeh
Okawaru
Qazlal
Ru
Sif Muna
Trog
Uskayaw
Vehumet
Wu Jian
Xom
Yredelemnul
Zin
The Shining One

Shops:
D:6 [   D:8 [


Innate Abilities, Weirdness & Mutations

You are too large for most types of armour.
You have claws for hands.
Your metabolism is lightning-fast.
You like to eat raw meat.
Your natural rate of healing is unusually fast.
You are covered in fur. (AC +1)
You have extremely tough skin. (AC +3)


Message History

The goblin closely misses you.
You claw the kobold demonologist!
The kobold demonologist is severely wounded.
The sun demon hits you!!
You are engulfed in flames!
* * * LOW HITPOINT WARNING * * *
You claw the kobold demonologist!
The kobold demonologist is almost dead.
You feel like a meek peon again.
The kobold demonologist hits you but does no damage.
The goblin hits you with a +0 war axe!
* * * LOW HITPOINT WARNING * * *
You block the sun demon's attack.
You closely miss the kobold demonologist.
The kobold demonologist is almost dead.
You block the kobold demonologist's attack.
You block the sun demon's attack.
You barely miss the kobold demonologist.
The kobold demonologist is almost dead.
The goblin hits you but does no damage. The sun demon hits you!!
You die...

####++#.≈≈≈≈≈..
#....##.....#.≈≈≈≈≈..
#....##....)'........
#._..##..⌠.)'........ ##
#....##...))'........
#..#....##.....#.≈≈≈≈≈..
#..#...g#####''#.≈≈≈≈≈..
#))#.o3g#......#.≈≈≈≈≈.#
#.4K@#......#.≈≈≈≈≈≈#
##.......######≈≈≈≈≈#
+.8.8.8.# #≈≈≈≈≈#
#.......# #≈≈≈≈≈#
#+####### #≈≈≈≈≈#
#≈≈≈≈≈# #≈≈≈≈≈#


You could see a sun demon (summoned), a hellwing (summoned), a kobold
demonologist, an orc warrior and 2 goblins.

Vanquished Creatures
  A manticore (D:9)
  A kobold demonologist (Bailey)
  A troll (D:9)
  Prince Ribbit (D:6)
  A hippogriff (D:8)
  A vampire (D:10)
  Eustachio (D:5)
  A water moccasin (D:9)
  2 ice beasts
  2 orc warriors
  A phantom (D:7)
  7 necrophages (D:9)
  2 sky beasts
  A hornet zombie (D:9)
  A centaur (D:8)
  4 ogres
  2 bullfrogs
  2 scorpions (D:7)
  6 killer bees (D:9)
  7 wights (D:9)
  A howler monkey (D:9)
  5 crimson imps
  A quasit (D:9)
  2 centaur zombies
  2 bullfrog zombies
  5 hounds
  An orc priest (D:7)
  2 jellies
  A bullfrog skeleton (D:6)
  4 iguanas
  7 orc wizards
  8 worker ants
  A hound zombie (D:8)
  Robin (D:2)
  A worker ant zombie (D:7)
  A howler monkey skeleton (D:6)
  8 adders
  8 gnolls
  2 shadow imps
  4 oozes
  3 adder zombies
  A worm (D:2)
  6 dart slugs
  3 leopard geckos
  19 orcs
  6 bats
  6 giant cockroaches
  26 goblins
  14 hobgoblins
  2 jackals (D:6)
  10 kobolds
  2 quokkas
  2 ball pythons
  8 frilled lizards
  A leopard gecko skeleton (D:4)
  A leopard gecko zombie (D:9)
  A quokka zombie (D:6)
  6 rats
  A bush (D:3)
  A plant (D:1)
229 creatures vanquished.

Notes
Turn   | Place    | Note
-------+----------+-------------------------------------------
     0 | D:1      | funkygono the Troll Fighter began the quest for the Orb.
     0 | D:1      | Reached XP level 1. HP: 22/22 MP: 0/0
   173 | D:1      | Reached XP level 2. HP: 27/29 MP: 1/1
   796 | D:2      | Reached XP level 3. HP: 34/36 MP: 2/2
   926 | D:2      | Noticed Robin
   977 | D:2      | Killed Robin
   977 | D:2      | Reached XP level 4. HP: 37/44 MP: 3/3
  1324 | D:2      | Reached skill level 1 in Throwing
  1441 | D:3      | Reached skill level 3 in Unarmed Combat
  1538 | D:3      | Reached XP level 5. HP: 37/52 MP: 4/4
  1686 | D:3      | Found a white marble altar of Elyvilon.
  2343 | D:3      | Found a sacrificial altar of Ru.
  2490 | D:4      | Reached XP level 6. HP: 47/59 MP: 5/5
  2718 | D:4      | Reached skill level 4 in Unarmed Combat
  2779 | D:4      | Found a shattered altar of Ashenzari.
  3220 | D:5      | Entered Level 5 of the Dungeon
  3344 | D:5      | Noticed a sky beast
  3348 | D:5      | Killed a sky beast
  3348 | D:5      | Reached XP level 7. HP: 67/67 MP: 6/6
  3534 | D:5      | Noticed Eustachio
  3550 | D:5      | Killed Eustachio
  3595 | D:5      | Reached skill level 5 in Unarmed Combat
  4380 | D:6      | Found Waweun's Armour Boutique.
  4388 | D:6      | Bought a +0 cloak for 63 gold pieces
  4435 | D:6      | Reached XP level 8. HP: 75/75 MP: 7/7
  4466 | D:6      | Found a sparkling altar of Nemelex Xobeh.
  4518 | D:6      | Noticed Prince Ribbit
  4542 | D:6      | Killed Prince Ribbit
  4542 | D:6      | Reached skill level 6 in Unarmed Combat
  4801 | D:6      | Found a bloodstained altar of Trog.
  5292 | D:7      | Reached skill level 5 in Throwing
  5590 | D:7      | Found a staircase to the Ecumenical Temple.
  5596 | Temple   | Entered the Ecumenical Temple
  5652 | Temple   | Became a worshipper of Warmaster Okawaru
  5876 | D:7      | Reached skill level 7 in Unarmed Combat
  6057 | D:8      | Reached XP level 9. HP: 83/83 MP: 8/8
  6153 | D:8      | Found a snail-covered altar of Cheibriados.
  6153 | D:8      | Found Cheibriados's Comfort Zone.
  6210 | D:8      | Reached * piety under Okawaru
  6297 | D:8      | Reached skill level 5 in Dodging
  6863 | D:9      | Reached skill level 8 in Unarmed Combat
  7008 | D:9      | Noticed a troll
  7018 | D:9      | Killed a troll
  7082 | D:9      | Reached skill level 5 in Shields
  7149 | D:9      | Reached skill level 9 in Unarmed Combat
  7163 | D:9      | Reached ** piety under Okawaru
  7369 | D:9      | Reached XP level 10. HP: 76/89 MP: 6/9
  7628 | D:9      | Noticed a manticore
  7639 | D:9      | Killed a manticore
  7991 | D:10     | Entered Level 10 of the Dungeon
  8025 | D:10     | Reached skill level 10 in Unarmed Combat
  8196 | D:10     | Found a flagged portal.
  8218 | Bailey   | Entered a bailey
  8315 | Bailey   | Found an iron altar of Okawaru.
  8324 | Bailey   | Noticed a sun demon
  8326 | Bailey   | Reached *** piety under Okawaru
  8331 | Bailey   | Slain by a sun demon

Illustrated notes

Levels and vault maps discovered:
D:1:      scummos_arrival_simple_crosswalls, layout_basic,
          chequers_serial_rivers_micro_b, kennysheep_boxes
D:2:      layout_basic, uniq_robin
D:3:      kb_forest_paths, layout_basic, elyvilon_altar_5,
          nicolae_ru_path_of_blood, serial_glass, glass_columns_a,
          glass_columns_b, minmay_hedge_maze
D:4:      layout_basic, cheibrodos_ashenzari_chains, chequers_mini_garden,
          serial_bayou_pond_a
D:5:      layout_basic, first_ration, uniq_eustachio
D:6:      layout_layer_cave, nemelex_xobeh_ov_fountains_minmay, serial_shops,
          shop, bloody_trog, uniq_prince_ribbit1
D:7:      layout_loops_corners, minmay_temple_entry_enclosed_plants
D:8:      layout_loops_cross, grunt_ogre_cave,
          eino_small_chamber_without_monster, minmay_shop_chei
D:9:      layout_loops_corners, serial_undead, serial_undead_f, serial_undead_c,
          serial_undead_a, serial_undead_f, serial_undead_f, serial_undead_a,
          serial_undead_a, serial_undead_a
D:10:     layout_irregular_city, kennysheep_orc_monster_closet_entryway,
          enter_bailey_3
Temple:   compressed_dpeg_circular_temple
Bailey:   bailey_axe_of_yendor_kennysheep, bailey

Skill      XL: |  1  2  3  4  5  6  7  8  9 10 |
---------------+-------------------------------+-----
Dodging        | 3 4 5 |  5.7
Throwing       | 1 2 3 5 6 |  6.9
Unarmed Combat | 3 4 5 7 9 10 | 10.3
Shields        | 3 4 5 |  5.5
Fighting       | 3 |  3.5
Invocations    | |  0.3

Action                   |  1- 3 |  4- 6 |  7- 9 | 10-12 || total
-------------------------+-------+-------+-------+-------++-------
Melee: Unarmed           |   122 |   201 |   255 |   138 ||   716
Throw: Throwing net      |     1 |       |       |       ||     1
       Javelin           |    19 |    52 |    74 |    11 ||   156
       Stone             |       |       |    29 |     8 ||    37
Invok: Heroism           |       |       |     2 |     5 ||     7
  Use: Scroll            |     3 |     7 |     6 |     2 ||    18
       Potion            |       |     1 |       |       ||     1
 Stab: Distracted        |       |     1 |       |       ||     1
       Sleeping          |       |     1 |     2 |       ||     3
  Eat: Chunk             |    14 |    21 |    32 |    12 ||    79
       Ration            |       |       |     1 |       ||     1
Armor: Robe              |    51 |    53 |    47 |    28 ||   179
Dodge: Dodged            |    42 |    50 |    78 |    59 ||   229
Block: Kite shield       |    55 |    59 |    86 |    63 ||   263
